 Dungeon Crawl Stone Soup version 0.28-a0-1429-gf3d713df7a (webtiles) character file.

Game seed: 9567260541134952822

51 HallandMoats the Shield-Bearer (level 3, 0/20 HPs)
             Began as a Vine Stalker Fighter on Jan 9, 2022.
             Was a Follower of Okawaru.
             Slain by an adder (1 damage)
             ... on level 1 of the Dungeon.
             The game lasted 00:01:32 (1200 turns).

HallandMoats the Shield-Bearer (VSFi)               Turns: 1200, Time: 00:01:33

Health: 0/20       AC:  3    Str: 20    XL:     3   Next: 83%
Magic:  0/4        EV:  9    Int:  8    God:    Okawaru [*.....]
Gold:   54         SH:  4    Dex: 13    Spells: 2/2 levels left

rFire   + . .      SeeInvis .   a - +0 war axe
rCold   + . .      Faith    .   c - +0 buckler
rNeg    . . .      Spirit   +   b - +0 scale mail
rPois   +          Reflect  .   (no helmet)
rElec   +          Harm     .   (no cloak)
rCorr   +          Rampage  .   (no gloves)
Will    .....                   (no boots)
Stlth   ..........              (no amulet)
HPRegen 0.06/turn               (no ring)
MPRegen 0.09/turn               (no ring)

@: resistant (expiring)
A: fangs 2, magic shield, antimagic bite, no potion heal 2, deformed body, sense
surroundings 1
a: Renounce Religion, Heroism


You were on level 1 of the Dungeon.
You worshipped Okawaru.
Okawaru was aware of your devotion.
You visited 1 branch of the dungeon, and saw 2 of its levels.

You collected 54 gold pieces.

Inventory:

Hand Weapons
 a - a +0 war axe (weapon)
Armour
 b - a +0 scale mail (worn)
 c - a +0 buckler (worn)
Scrolls
 f - a scroll of identify
Potions
 d - 2 potions of might
 h - a potion of resistance


   Skills:
 + Level 3.0 Fighting
 + Level 2.1 Axes
 + Level 2.7 Armour
 + Level 0.7 Dodging
 + Level 3.0 Shields
 * Level 1.2 Invocations


You had 2 spell levels left.
You didn't know any spells.
Your spell library was empty.

Dungeon Overview and Level Annotations

Branches:
Dungeon (2/15)

Altars:
Okawaru


Innate Abilities, Weirdness & Mutations

You have extremely sharp teeth.
When hurt, damage is shared between your health and your magic reserves.
Your bite disrupts and absorbs the magic of your enemies.
Potions cannot restore your health.
Armour fits poorly on your strangely shaped body.
You passively map a small area around you.


Message History

You climb upwards.
There is a stone staircase leading down here.
The adder closely misses you. The adder barely misses you.
It was a potion of mutation.
You feel extremely strange.
Your body twists and deforms.
You feel a strange attunement to the structure of the dungeons.
The adder closely misses you. The adder barely misses you.
The adder closely misses you. The adder bites you.
* * * LOW HITPOINT WARNING * * *
The adder bites you but does no damage.
It was a potion of resistance.
You feel protected. The adder bites you but does no damage.
As you read the scroll labelled ADUYTAOTETZ, it crumbles to dust.
You feel momentarily disoriented.
It was a scroll of magic mapping.
The adder closely misses you. x2
As you read the scroll labelled EQYHOI DUTIOD, it crumbles to dust.
It is a scroll of identify.
You don't have any unidentified items.
The adder bites you but does no damage. The adder bites you.
* * * LOW HITPOINT WARNING * * *
The adder bites you.
* * * LOW HITPOINT WARNING * * *
The adder barely misses you. The adder barely misses you.
The adder barely misses you. The adder closely misses you.
The adder bites you but does no damage. The adder barely misses you.
The adder barely misses you. You block the adder's attack.
You block the adder's attack. The adder bites you.
* * * LOW HITPOINT WARNING * * *
The adder closely misses you.
You start to feel less resistant.
The adder bites you.
You die...

#P♣.P♣.####.####.#####.#
#P._.).####.####......(#
#..♣..........##.#######
#...†.#.##.......# ###
#.#..##.###.#.#..######..
#.#................##.#.#
#>...##.#####.#.##.#....#
#..#.##.#####.#..........
##...##.@SS......#.#....#
######## ##########.#.##.#.##...#
#......#### ##.#.##.#.......
#.#.......# #..........##...
..#.##.##.# #...###[#..##...
###.##....## #...# #.........
###.#......# #...# ####.##.#.
..#.......÷#######...######.##...
..#........##.............#.##...


You could see 2 adders.

Vanquished Creatures
  A gnoll (D:1)
  An adder (D:2)
  A dart slug (D:1)
  3 endoplasms (D:1)
  A giant cockroach (D:1)
  A goblin (D:1)
  5 hobgoblins
  2 jackals (D:1)
  3 kobolds (D:1)
  A quokka (D:1)
  3 ball pythons (D:1)
  2 bats (D:1)
  2 frilled lizards
  2 rats (D:1)
28 creatures vanquished.

Vanquished Creatures (others)
  2 withered plants (D:1)
2 creatures vanquished.

Grand Total: 30 creatures vanquished

Notes
Turn   | Place    | Note
-------+----------+-------------------------------------------
     0 | D:1      | HallandMoats the Vine Stalker Fighter began the quest for
                  | the Orb.
     0 | D:1      | Reached XP level 1. HP: 11/11 MP: 2/2
    42 | D:1      | Found a faded altar of an unknown god.
    55 | D:1      | Reached XP level 2. HP: 6/16 MP: 1/3
    57 | D:1      | Prayed at the altar of an unknown god.
    57 | D:1      | Became a worshipper of Warmaster Okawaru
    57 | D:1      | Reached * piety under Okawaru
   553 | D:1      | Reached XP level 3. HP: 13/19 MP: 2/4
   849 | D:1      | Reached skill level 1 in Invocations
  1159 | D:1      | Gained mutation: Armour fits poorly on your strangely
                  | shaped body. [potion of mutation]
  1159 | D:1      | Gained mutation: You passively map a small area around you.
                  | [potion of mutation]
  1171 | D:1      | HP: 1/20 [adder (1)]
  1194 | D:1      | HP: 1/20 [adder (1)]
  1200 | D:1      | Slain by an adder

Illustrated notes

Levels and vault maps discovered:
D:1:      minmay_arrival_jagged, layout_loops_cross,
          ebering_ecumenical_altar_petrified
D:2:      layout_loops_ring, minmay_octomino_c4

Skill      XL: |  1  2  3 |
---------------+----------+-----
Axes           | 2 |  2.1
Shields        | 3 |  3.0
Invocations    | 1 |  1.2
Fighting       | 3 |  3.0
Armour         | |  2.7
Dodging        | |  0.7

Action                   || total
-------------------------++-------
Melee: War axe           ||    58
       Bite              ||    13
  Use: Scroll            ||     2
       Potion            ||     2
Armor: Scale mail        ||    33
Dodge: Dodged            ||    51
Block: Buckler           ||    20

Table legend: (Time is in decaauts)
 A = Elapsed time spent in this place.
 B = Non-inter-level travel time spent in this place.
 C = Inter-level travel time spent in this place.
 D = Time resting spent in this place.
 E = Time spent auto-exploring this place.
 F = Levels seen in this place.
 G = Mean time per level.
                   A        B        C        D        E       F      G
               +--------+--------+--------+--------+--------+-----+--------+
         Total |   1225 |   1188 |     37 |      0 |    989 |   2 |  612.5 |
       Dungeon |   1225 |   1188 |     37 |      0 |    989 |   2 |  612.5 |
               +--------+--------+--------+--------+--------+-----+--------+

Top non-repeatable levels by time:
     D:1: 1175 daAuts
     D:2: 50 daAuts
